BSA
KANSAS CITY KINGS @ GREENVILLE 84S
03/29/2027
 
TOP OF THE 1ST
Kansas City Kings batting - Pitching for Greenville 84s : LHP Eduardo Trujillo
Pitching: LHP Eduardo Trujillo
Batting: LHB Brian Boone 0-0: Foul Ball, location: 2F
0-1: Called Strike
0-2: Ball
1-2: Foul Ball, location: 2F
1-2: Fly out, F8 (Flyball, 8RM)
Batting: LHB Ray Spencer 0-0: SINGLE (Groundball, 4S) (infield hit)
Batting: RHB Toshimichi Kono 0-0: Foul Ball, location: 2F
0-1: Ball
1-1: Called Strike
1-2: Foul Ball, location: 2F
1-2: Ball
Ray Spencer steals 2nd base
2-2: Foul Ball, location: 2F
2-2: Foul Ball, location: 2F
2-2: SINGLE (Flyball, 89S)
Ray Spencer to third
Runner from 3rd tries for Home, SAFE, throw made home
Toshimichi Kono to second
Batting: LHB Pablo Reyes 0-0: Ball
1-0: Called Strike
1-1: Ball
2-1: Fly out, F6 (Popup, 6MD)
Batting: RHB Chris Chandler 0-0: Called Strike
0-1: Called Strike
0-2: Ground out 6-3 (Groundball, 6)
Top of the 1st over - 1 run(s), 2 hit(s), 0 error(s), 1 left on base; Kansas City 1 - Greenville 0
BOTTOM OF THE 1ST
Greenville 84s batting - Pitching for Kansas City Kings : RHP Carlos Pacheco
Pitching: RHP Carlos Pacheco
Batting: RHB Carlos Torres 0-0: Ball
1-0: Called Strike
1-1: Swinging Strike
1-2: Ball
2-2: DOUBLE (Line Drive, 3D)
Batting: LHB Chris Moore 0-0: Ball
1-0: Ball
2-0: Called Strike
2-1: Swinging Strike
2-2: Foul Ball, location: 2F
2-2: Foul Ball, location: 2F
2-2: Strikes out swinging
Batting: RHB Enzo Díaz 0-0: Foul Ball, location: 2F
0-1: Fly out, F8 (Flyball, 8LS)
Batting: LHB Brock Larsen 0-0: Swinging Strike
0-1: Ball
1-1: Ball
2-1: Ball
3-1: Called Strike
3-2: Ground out 6-3 (Groundball, 6S)
Bottom of the 1st over - 0 run(s), 1 hit(s), 0 error(s), 1 left on base; Kansas City 1 - Greenville 0
TOP OF THE 2ND
Kansas City Kings batting - Pitching for Greenville 84s : LHP Eduardo Trujillo
Batting: RHB Dave Parker 0-0: Ball
1-0: Swinging Strike
1-1: Ball
2-1: Ball
3-1: Swinging Strike
3-2: SOLO HOME RUN (Flyball, 7D), Distance : 401 ft
Batting: SHB José Cruz 0-0: Ball
1-0: Foul Ball, location: 2F
1-1: Bunt for hit - play at first, batter safe!
Batting: SHB António De La Cruz 0-0: Ball
1-0: Fly out, F5 (Popup, 56S)
Batting: RHB Raúl Bruno 0-0: Called Strike
0-1: Swinging Strike
0-2: Strikes out swinging
Batting: LHB Brian Boone 0-0: Foul Ball, location: 2F
0-1: Ball
1-1: Ball
2-1: Ball
3-1: Foul Ball, location: 2F
3-2: Foul Ball, location: 2F
3-2: Foul Ball, location: 2F
3-2: Strikes out swinging
Top of the 2nd over - 1 run(s), 2 hit(s), 0 error(s), 1 left on base; Kansas City 2 - Greenville 0
BOTTOM OF THE 2ND
Greenville 84s batting - Pitching for Kansas City Kings : RHP Carlos Pacheco
Batting: SHB Gilberto Guzmán 0-0: Ball
1-0: Called Strike
1-1: DOUBLE (Line Drive, 78XD)
Batting: LHB Jimmy Vickers 0-0: 2-RUN HOME RUN (Line Drive, 9LD), Distance : 362 ft
Batting: LHB José Costa 0-0: Called Strike
0-1: Swinging Strike
0-2: Ball
1-2: Foul Ball, location: 2F
1-2: Foul Ball, location: 2F
1-2: Strikes out swinging
Batting: LHB Robert Moore 0-0: Ball
1-0: Foul Ball, location: 2F
1-1: Swinging Strike
1-2: Strikes out looking
Batting: LHB Mario Cornelo 0-0: Called Strike
0-1: Ball
1-1: Ball
2-1: Foul Ball, location: 2F
2-2: Ball
3-2: Foul Ball, location: 2F
3-2: Fly out, F6 (Line Drive, 6M)
Bottom of the 2nd over - 2 run(s), 2 hit(s), 0 error(s), 0 left on base; Kansas City 2 - Greenville 2
TOP OF THE 3RD
Kansas City Kings batting - Pitching for Greenville 84s : LHP Eduardo Trujillo
Batting: LHB Ray Spencer 0-0: SINGLE (Groundball, 4MD)
Batting: RHB Toshimichi Kono 0-0: Ball
1-0: Ball
2-0: Called Strike
2-1: Fly out, F3 (Popup, 3S)
Batting: LHB Pablo Reyes 0-0: Called Strike
0-1: Ball
1-1: Ball
2-1: Fly out, F7 (Flyball, 7S)
Batting: RHB Chris Chandler 0-0: Called Strike
0-1: 2-RUN HOME RUN (Line Drive, 7D), Distance : 384 ft
Batting: RHB Dave Parker 0-0: Ball
1-0: Called Strike
1-1: Foul Ball, location: 2F
1-2: Ball
2-2: Strikes out swinging
Top of the 3rd over - 2 run(s), 2 hit(s), 0 error(s), 0 left on base; Kansas City 4 - Greenville 2
BOTTOM OF THE 3RD
Greenville 84s batting - Pitching for Kansas City Kings : RHP Carlos Pacheco
Batting: RHB Carlos Torres 0-0: Ball
1-0: Ball
2-0: Called Strike
2-1: Bunt for hit - play at first, batter OUT! 1-3
Batting: LHB Chris Moore 0-0: Called Strike
0-1: Ball
1-1: Foul Ball, location: 2F
1-2: Ball
2-2: Ball
3-2: Fly out, F8 (Flyball, 8LD)
Batting: RHB Enzo Díaz 0-0: Called Strike
0-1: Ball
1-1: Ball
2-1: Ball
3-1: Base on Balls
Batting: LHB Brock Larsen 0-0: Called Strike
0-1: Called Strike
0-2: Foul Ball, location: 2F
0-2: Foul Ball, location: 2F
0-2: Ball
1-2: Fly out, F7 (Flyball, 78D)
Bottom of the 3rd over - 0 run(s), 0 hit(s), 0 error(s), 1 left on base; Kansas City 4 - Greenville 2
TOP OF THE 4TH
Kansas City Kings batting - Pitching for Greenville 84s : LHP Eduardo Trujillo
Batting: SHB José Cruz 0-0: Ball
1-0: Ball
2-0: Ground out 6-3 (Groundball, 6)
Batting: SHB António De La Cruz 0-0: Ball
1-0: Called Strike
1-1: SINGLE (Flyball, 8LS)
Batting: RHB Raúl Bruno 0-0: Ball
1-0: Ground out 5-3 (Groundball, 56S)
António De La Cruz to second
Batting: LHB Brian Boone 0-0: Ball
1-0: Called Strike
1-1: Ball
2-1: Called Strike
2-2: Strikes out swinging
Top of the 4th over - 0 run(s), 1 hit(s), 0 error(s), 1 left on base; Kansas City 4 - Greenville 2
BOTTOM OF THE 4TH
Greenville 84s batting - Pitching for Kansas City Kings : RHP Carlos Pacheco
Batting: SHB Gilberto Guzmán 0-0: Called Strike
0-1: Ball
1-1: Swinging Strike
1-2: Ball
2-2: Fly out, F8 (Line Drive, 8LD)
Batting: LHB Jimmy Vickers 0-0: Called Strike
0-1: Ball
1-1: Swinging Strike
1-2: Ball
2-2: Fly out, F8 (Flyball, 8LM)
Batting: LHB José Costa 0-0: Called Strike
0-1: Ball
1-1: SINGLE (Line Drive, 56)
Batting: LHB Robert Moore 0-0: Called Strike
0-1: Ball
1-1: Ball
2-1: Swinging Strike
2-2: Foul Ball, location: 2F
2-2: Strikes out looking
Bottom of the 4th over - 0 run(s), 1 hit(s), 0 error(s), 1 left on base; Kansas City 4 - Greenville 2
TOP OF THE 5TH
Kansas City Kings batting - Pitching for Greenville 84s : LHP Eduardo Trujillo
Pitching: RHP Fernand Picard
Batting: LHB Ray Spencer 0-0: Called Strike
0-1: Ball
1-1: Ground out 3-1 (Groundball, 34)
Batting: RHB Toshimichi Kono 0-0: Called Strike
0-1: DOUBLE (Line Drive, 78M)
Batting: LHB Pablo Reyes 0-0: Ground out 6-3 (Groundball, 6MS)
Toshimichi Kono to third
Batting: RHB Chris Chandler 0-0: Ball
1-0: Ball
2-0: Ball
3-0: Called Strike
3-1: Foul Ball, location: 2F
3-2: Base on Balls
Batting: RHB Dave Parker 0-0: Ball
1-0: Called Strike
1-1: Ball
2-1: Ground out 1-3 (Groundball, P)
Top of the 5th over - 0 run(s), 1 hit(s), 0 error(s), 2 left on base; Kansas City 4 - Greenville 2
BOTTOM OF THE 5TH
Greenville 84s batting - Pitching for Kansas City Kings : RHP Carlos Pacheco
Pitching: RHP Adrián Serrano
Batting: LHB Mario Cornelo 0-0: Ball
1-0: SINGLE (Line Drive, 6MD)
Batting: RHB Carlos Torres 0-0: Called Strike
Mario Cornelo steals 2nd base
0-1: Ball
1-1: Fly out, F9 (Flyball, 9LMF)
Runner from 2nd tags up, OUT at 3rd
Batting: LHB Chris Moore 0-0: Ball
1-0: Ball
2-0: Called Strike
2-1: Swinging Strike
2-2: Fly out, F3 (Popup, 3L)
Bottom of the 5th over - 0 run(s), 1 hit(s), 0 error(s), 0 left on base; Kansas City 4 - Greenville 2
TOP OF THE 6TH
Kansas City Kings batting - Pitching for Greenville 84s : RHP Fernand Picard
Batting: SHB José Cruz 0-0: Ball
1-0: Called Strike
1-1: Swinging Strike
1-2: Strikes out looking
Batting: SHB António De La Cruz 0-0: Called Strike
0-1: Ball
1-1: Foul Ball, location: 2F
1-2: Ball
2-2: Ball
3-2: Strikes out swinging
Batting: RHB Raúl Bruno 0-0: SINGLE (Groundball, 6MD)
Pinch Hitting: RHB Keitaro Suzuki 0-0: Called Strike
0-1: Called Strike
0-2: Ball
1-2: Foul Ball, location: 2F
1-2: Strikes out looking
Top of the 6th over - 0 run(s), 1 hit(s), 0 error(s), 1 left on base; Kansas City 4 - Greenville 2
BOTTOM OF THE 6TH
Greenville 84s batting - Pitching for Kansas City Kings : RHP Adrián Serrano
Now in RF: Keitaro Suzuki
Batting: RHB Enzo Díaz 0-0: Ball
1-0: Ball
2-0: Ball
3-0: Called Strike
3-1: Ground out 5-3 (Groundball, 5)
Batting: LHB Brock Larsen 0-0: Foul Ball, location: 2F
0-1: Ball
1-1: Foul Ball, location: 2F
1-2: Foul Ball, location: 2F
1-2: Foul Ball, location: 2F
1-2: Fly out, F8 (Flyball, 8LS)
Batting: SHB Gilberto Guzmán 0-0: Ball
1-0: Swinging Strike
1-1: Fly out, F9 (Line Drive, 9)
Bottom of the 6th over - 0 run(s), 0 hit(s), 0 error(s), 0 left on base; Kansas City 4 - Greenville 2
TOP OF THE 7TH
Kansas City Kings batting - Pitching for Greenville 84s : RHP Fernand Picard
Batting: LHB Vic Robertson 0-0: Ball
1-0: Ball
2-0: Ball
3-0: Called Strike
3-1: Foul Ball, location: 2F
3-2: Strikes out swinging
Batting: RHB Toshimichi Kono 0-0: Called Strike
0-1: Ball
1-1: Ball
2-1: Ball
3-1: Swinging Strike
3-2: Ground out 4-3 (Groundball, 4)
Batting: LHB Pablo Reyes 0-0: Ball
1-0: Foul Ball, location: 2F
1-1: Ball
2-1: SINGLE (Groundball, 6MD)
Batting: RHB Chris Chandler 0-0: Swinging Strike
0-1: Foul Ball, location: 2F
0-2: Ball
1-2: Foul Ball, location: 2F
1-2: Ball
2-2: Single, Error in OF, E8, batter to second base
Pablo Reyes to third
Pitching: RHP Pierre Deschênes
Batting: RHB Dave Parker 0-0: Swinging Strike
0-1: Ball
1-1: Ball
2-1: Swinging Strike
2-2: Strikes out swinging passed ball, reaches first!
Pablo Reyes scores
Chris Chandler to third
Batting: SHB José Cruz 0-0: Fielders Choice at 2nd, 5-4 (Groundball, 56)
Top of the 7th over - 1 run(s), 2 hit(s), 1 error(s), 1 left on base; Kansas City 5 - Greenville 2
BOTTOM OF THE 7TH
Greenville 84s batting - Pitching for Kansas City Kings : RHP Adrián Serrano
Batting: LHB Jimmy Vickers 0-0: Called Strike
0-1: Foul Ball, location: 2F
0-2: Ball
1-2: Ball
2-2: Fly out, F6 (Popup, 6MD)
Batting: LHB José Costa 0-0: Ball
1-0: Ground out 5-3 (Groundball, 5S)
Batting: LHB Robert Moore 0-0: Called Strike
0-1: Ball
1-1: Ball
2-1: Called Strike
2-2: Strikes out swinging
Bottom of the 7th over - 0 run(s), 0 hit(s), 0 error(s), 0 left on base; Kansas City 5 - Greenville 2
TOP OF THE 8TH
Kansas City Kings batting - Pitching for Greenville 84s : RHP Pierre Deschênes
Batting: SHB António De La Cruz 0-0: Ball
1-0: Called Strike
1-1: Swinging Strike
1-2: Ball
2-2: Ball
3-2: DOUBLE (Flyball, 78D)
Batting: RHB Raúl Bruno 0-0: Intentional Walk
Batting: RHB Keitaro Suzuki 0-0: Ball
1-0: Reached on error, E2 (Groundball, 2L)
António De La Cruz scores
Raúl Bruno to third
Batting: LHB Vic Robertson 0-0: Ball
1-0: Foul Ball, location: 2F
1-1: Foul Ball, location: 2F
1-2: Ball
2-2: Ball
3-2: Foul Ball, location: 2F
3-2: Strikes out swinging
Batting: RHB Toshimichi Kono 0-0: Intentional Walk
Batting: LHB Pablo Reyes 0-0: Foul Ball, location: 2F
0-1: Ball
1-1: DOUBLE (Line Drive, 7LS)
Raúl Bruno scores
Keitaro Suzuki scores
Toshimichi Kono to third
Batting: RHB Chris Chandler 0-0: Ball
1-0: Ball
2-0: Called Strike
2-1: 3-RUN HOME RUN (Flyball, 7LD), Distance : 348 ft
Pitching: RHP Matthew Scott
Batting: RHB Dave Parker 0-0: Swinging Strike
0-1: Ball
1-1: Ball
2-1: Fly out, F8 (Flyball, 8RM)
Batting: SHB José Cruz 0-0: SINGLE (Popup, 5D)
Batting: SHB António De La Cruz 0-0: Called Strike
0-1: 2-RUN HOME RUN (Flyball, 89XD), Distance : 433 ft
Batting: RHB Raúl Bruno 0-0: Ball
1-0: Ground out 6-3 (Groundball, 56)
Top of the 8th over - 8 run(s), 5 hit(s), 1 error(s), 0 left on base; Kansas City 13 - Greenville 2
BOTTOM OF THE 8TH
Greenville 84s batting - Pitching for Kansas City Kings : RHP Adrián Serrano
Batting: LHB Mario Cornelo 0-0: Called Strike
0-1: Called Strike
0-2: Strikes out swinging
Batting: RHB Carlos Torres 0-0: Called Strike
0-1: Ball
1-1: Foul Ball, location: 2F
1-2: Fly out, F8 (Flyball, 8RS)
Batting: LHB Chris Moore 0-0: Called Strike
0-1: Swinging Strike
0-2: Foul Ball, location: 2F
0-2: Ball
1-2: Strikes out swinging
Bottom of the 8th over - 0 run(s), 0 hit(s), 0 error(s), 0 left on base; Kansas City 13 - Greenville 2
TOP OF THE 9TH
Kansas City Kings batting - Pitching for Greenville 84s : RHP Matthew Scott
Batting: RHB Keitaro Suzuki 0-0: Fly out, F8 (Flyball, 8RD)
Batting: LHB Vic Robertson 0-0: Ground out 6-3 (Groundball, 6MS)
Batting: RHB Toshimichi Kono 0-0: Swinging Strike
0-1: Swinging Strike
0-2: Fly out, F9 (Flyball, 9S)
Top of the 9th over - 0 run(s), 0 hit(s), 0 error(s), 0 left on base; Kansas City 13 - Greenville 2
BOTTOM OF THE 9TH
Greenville 84s batting - Pitching for Kansas City Kings : RHP Adrián Serrano
Batting: RHB Enzo Díaz 0-0: Foul Ball, location: 2F
0-1: Ball
1-1: Ball
2-1: Foul Ball, location: 2F
2-2: Ball
3-2: Foul Ball, location: 2F
3-2: Fly out, F8 (Flyball, 8RM)
Pitching: RHP Nariaki Tanaka
Pinch Hitting: RHB Vic Langlois 0-0: Ball
1-0: Called Strike
1-1: Foul Ball, location: 2F
1-2: Ball
2-2: SINGLE (Groundball, 6MD)
Pinch Hitting: RHB Felipe Rodríguez 0-0: Foul Ball, location: 2F
0-1: Foul Ball, location: 2F
0-2: Ball
1-2: Fly out, F7 (Flyball, 7)
Batting: LHB Jimmy Vickers 0-0: Called Strike
0-1: Called Strike
0-2: Ball
1-2: Ball
2-2: Fly out, F6 (Popup, 6)
Bottom of the 9th over - 0 run(s), 1 hit(s), 0 error(s), 1 left on base; Kansas City 13 - Greenville 2
Thursday, March 30th, 2017 - OOTP Baseball 17.12 Build 75